 Dungeon Crawl Stone Soup version 0.17.0-28-g6e173f8 (webtiles) character file.

609 Archteshnor the Shield-Bearer (level 7, -1/41 HPs)
             Began as a Gargoyle Fighter on Nov 24, 2015.
             Blown up by Pikel (22 damage)
             ... with a wand of disintegration
             ... on level 4 of the Dungeon.
             The game lasted 00:13:30 (3299 turns).

Archteshnor the Shield-Bearer (Gargoyle Fighter)    Turns: 3299, Time: 00:13:30

Health: -1/41      AC: 12    Str: 16    XL:     7   Next: 43%
Magic:  7/7        EV:  9    Int:  9    God:
Gold:   137        SH:  0    Dex: 11    Spells: 0 memorised, 6 levels left

rFire  . . .     SeeInvis .     a - +0 flail
rCold  . . .     Clarity  .     b - +0 scale mail
rNeg   + . .     SustAt   .     (no shield)
rPois  ∞         Gourm    .     (no helmet)
rElec  +         Spirit   .     (no cloak)
rCorr  .         Warding  .     (no gloves)
rMut   .         Rnd*Tele +     k - +0 pair of boots (curse)
MR     .....                    (no amulet)
Stlth  ..........               p - ring of teleportation (curse)
                                f - -3 ring of strength (curse)

@: not resistant to hostile enchantments, extremely unstealthy
A: negative energy resistance 1, electricity resistance, unbreathing,
petrification resistance, rot immunity, AC +4
a: Evoke Teleportation


You were on level 4 of the Dungeon.
You were not hungry.

You visited 1 branch of the dungeon, and saw 4 of its levels.

You collected 137 gold pieces.

Inventory:

Hand Weapons
 a - a +0 flail (weapon)
Missiles
 l - 6 tomahawks (quivered)
Armour
 b - a +0 scale mail (worn)
 c - a +0 shield
 k - a cursed +0 pair of boots (worn)
 m - a +4 large shield
Jewellery
 f - a cursed -3 ring of strength (left hand)
 g - an uncursed amulet of resist mutation
 p - a cursed ring of teleportation (right hand)
Scrolls
 n - a scroll of recharging
Potions
 d - 2 potions of might
 h - 2 potions of curing
 i - a potion of brilliance
 o - a potion of haste {unknown}
 q - a potion of degeneration {unknown}
Comestibles
 e - 5 bread rations
 j - 2 chunks of flesh


   Skills:
 - Level 3.2 Fighting
 + Level 6.1 Maces & Flails
 - Level 3.2 Armour
 + Level 6.5 Shields


You had 6 spell levels left.
You didn't know any spells.

Dungeon Overview and Level Annotations

Branches:
Dungeon (4/15)
 Temple: D:4-7

Altars:
Cheibriados
Elyvilon
Kikubaaqudgha
Vehumet

Annotations:
D:2 exclusion: 2 downstairs
D:3 Terence
D:4 Pikel


Innate Abilities, Weirdness & Mutations

You are resistant to torment.
Your stone body is resilient (AC +4).
You are immune to poison.
You resist negative energy.
You are resistant to electric shocks.
You can survive without breathing.
You are immune to petrification.
You are immune to rotting.


Message History

Eating one of 7 chunks of flesh.
This raw flesh tastes terrible.
You continue eating. x2
Some of the chunks of flesh in your inventory have rotted away.
HP restored.
Read which item? (? for menu, Esc to quit)
Identify which item? (\ to view known items) (? for menu, Esc to quit)
As you read the scroll of identify, it crumbles to dust.
i - a potion of brilliance
Things that are here:
a short sword; a scale mail
Found a hunting sling.
o - a sapphire potion Pikel the Slaver comes into view.
He is wielding a whip of flaming.
Pikel shouts!
Pikel moves out of view.
A slave comes into view.
Pikel zaps a wand.
You are blasted!
It is a wand of disintegration.
Pikel zaps a wand.
You are blasted!
Ouch! That really hurt!
You die...

#....# #....###
#....#####......#
#.).............#
#...#######.....#
#.....K...K.....#
#...#######.....# #...#
#.....# #...# ####..#
#...##########.@#
##...........#.[#######
###########.#...)...<#
#.##.####### #....#
######


You could see Pikel.

Vanquished Creatures
  Sigmund (D:2)
  Purgy (D:4)
  The ghost of Olekman the Shooter, an amateur HEAM of Ru (D:3)
  2 vampire bats (D:2)
  A hound (D:3)
  An orc wizard (D:3)
  6 adders
  2 worms
  A giant gecko (D:3)
  9 orcs
  3 bat skeletons (D:2)
  3 bat zombies (D:2)
  2 giant cockroaches (D:3)
  7 hobgoblins
  A quokka (D:3)
  2 ball pythons
  12 bats
  2 giant newts
  5 goblins
  7 jackals (D:1)
  5 kobolds
  9 rats
83 creatures vanquished.

Notes
Turn   | Place    | Note
--------------------------------------------------------------
     0 | D:1      | Archteshnor the Gargoyle Fighter began the quest for the Orb.
     0 | D:1      | Reached XP level 1. HP: 14/14 MP: 1/1
   278 | D:1      | Reached XP level 2. HP: 19/19 MP: 2/2
   770 | D:1      | Reached XP level 3. HP: 23/23 MP: 3/3
   984 | D:2      | Found a white marble altar of Elyvilon.
  1080 | D:2      | Found an ancient bone altar of Kikubaaqudgha.
  1115 | D:2      | Reached skill level 4 in Maces & Flails
  1115 | D:2      | Reached XP level 4. HP: 17/28 MP: 4/4
  1116 | D:2      | Reached XP level 5. HP: 19/32 MP: 5/5
  1309 | D:2      | Noticed Sigmund
  1367 | D:2      | Killed Sigmund
  1367 | D:2      | Reached skill level 5 in Maces & Flails
  1367 | D:2      | Reached skill level 5 in Shields
  1367 | D:2      | Reached XP level 6. HP: 8/37 MP: 6/6
  1879 | D:3      | Noticed Olekman's ghost (amateur HEAM)
  1881 | D:3      | Noticed Terence
  2221 | D:3      | Killed Olekman's ghost
  2443 | D:3      | Found a radiant altar of Vehumet.
  2444 | D:3      | Found a snail-covered altar of Cheibriados.
  2535 | D:3      | Reached XP level 7. HP: 41/41 MP: 7/7
  2568 | D:3      | Reached skill level 6 in Shields
  2985 | D:4      | Noticed Purgy
  3016 | D:4      | Killed Purgy
  3284 | D:4      | Noticed Pikel
  3299 | D:4      | Blown up by Pikel

Action                   |  1- 3 |  4- 6 |  7- 9 || total
-------------------------+-------+-------+-------++-------
Melee: Flail             |    95 |   168 |    83 ||   346
Throw: Tomahawk          |       |     2 |     2 ||     4
  Use: Scroll            |     6 |     4 |     4 ||    14
       Potion            |       |     3 |       ||     3
  Eat: Chunk             |       |     4 |     3 ||     7
       Beef jerky        |       |     1 |       ||     1
